 Dungeon Crawl Stone Soup version 0.28-b1-1-g3c77fb2ed1 (webtiles) character file.

Game seed: 490057833908906030

30 pkoi the Skirmisher (level 3, -3/33 HPs)
             Began as a Minotaur Cinder Acolyte on Jan 31, 2022.
             Was a High Priest of Ignis.
             Slain by a quokka (4 damage)
             ... on level 2 of the Dungeon.
             The game lasted 00:02:03 (1119 turns).

pkoi the Skirmisher (Minotaur Cinder Acolyte)       Turns: 1119, Time: 00:02:04

Health: -3/33      AC:  2    Str: 20    XL:     3   Next: 3%
Magic:  3/3        EV: 11    Int: 11    God:    Ignis [*****.]
Gold:   88         SH:  0    Dex:  5    Spells: 4/4 levels left

rFire   + . .      SeeInvis .   a - -1 falchion (flame)
rCold   . . .      Faith    .   (no shield)
rNeg    . . .      Spirit   .   b - +0 robe
rPois   .          Reflect  .   (helmet restricted)
rElec   .          Harm     .   (no cloak)
rCorr   .          Rampage  .   (no gloves)
Will    .....                   (no boots)
Stlth   +.........              (no amulet)
HPRegen 0.11/turn               (no ring)
MPRegen 0.08/turn               (no ring)

@: no status effects
A: horns 2, retaliatory headbutt
a: Renounce Religion, Fiery Armour, Foxfire Swarm, Rising Flame


You were on level 2 of the Dungeon.
You worshipped Ignis.
Ignis was extremely pleased with you.
You visited 1 branch of the dungeon, and saw 2 of its levels.

You collected 88 gold pieces.

Inventory:

Hand Weapons
 a - a -1 falchion of flaming (weapon)
Missiles
 j - 3 poisoned darts (quivered)
Armour
 b - a +0 robe (worn)
Scrolls
 c - 3 scrolls of identify {unknown}
 h - a scroll of noise {unknown}
 i - a scroll of vulnerability {unknown}
Potions
 d - a potion of curing {unknown}
 e - 2 potions of ambrosia {unknown}
 f - a potion of haste {unknown}
 g - 2 potions of attraction {unknown}


   Skills:
 + Level 4.0 Fighting
 + Level 4.0 Long Blades
 + Level 1.3 Spellcasting
 + Level 2.4 Fire Magic


You had 4 spell levels left.
You didn't know any spells.
Your spell library contained the following spells:

 Spells                   Type           Power      Damage    Failure   Level
 Scorch                   Fire           12%        2d6       17%         2


Dungeon Overview and Level Annotations

Branches:
Dungeon (2/15)

Altars:


Innate Abilities, Weirdness & Mutations

You have a pair of horns on your head.
You reflexively headbutt those who attack you in melee.


Message History

The jackal is moderately wounded.
The jackal closely misses you. The jackal bites you.
You hit the jackal. You burn the jackal.
You kill the jackal!
You have reached level 3!
Your experience leads to an increase in your attributes!
Increase (S)trength, (I)ntelligence, or (D)exterity?
You feel stronger. x2
You hit the jackal but do no damage. The jackal bites you.
The jackal bites you but does no damage.
You barely miss the jackal. The jackal barely misses you.
You furiously retaliate!
You headbutt the jackal. You barely miss the jackal.
You headbutt the jackal, but do no damage.
The jackal is almost dead.
The jackal bites you but does no damage.
The jackal barely misses you.
You closely miss the jackal.
The jackal is almost dead.
The jackal bites you. The jackal closely misses you. You furiously retaliate!
You headbutt the jackal, but do no damage.
You closely miss the jackal.
The jackal is almost dead.
The jackal bites you.
You hit the jackal. You burn the jackal.
You kill the jackal!
You closely miss the quokka. Your headbutt misses the quokka.
The quokka bites you.
* * * LOW HITPOINT WARNING * * *
You closely miss the quokka. Your headbutt misses the quokka.
The quokka bites you.
* * * LOW HITPOINT WARNING * * *
The quokka barely misses you.
You closely miss the quokka. Your headbutt misses the quokka.
The quokka barely misses you.
You barely miss the quokka. Your headbutt misses the quokka.
The quokka bites you.
* * * LOW HITPOINT WARNING * * *
You barely miss the quokka. The quokka bites you.
You die...

##.....##
#....#.#
##...##
#.#...##
##+##
#.##.##
#....#
####.# #.#
#.#
..#######.#
<.....r@..#
##.########


You could see a quokka.

Vanquished Creatures
  An endoplasm (D:1)
  2 giant cockroaches (D:1)
  A goblin (D:1)
  6 jackals
  5 kobolds
  3 ball pythons
  2 bats
  2 frilled lizards (D:1)
  6 rats (D:1)
28 creatures vanquished.

Vanquished Creatures (others)
  3 fungi
  2 plants (D:1)
5 creatures vanquished.

Grand Total: 33 creatures vanquished

Notes
Turn   | Place    | Note
-------+----------+-------------------------------------------
     0 | D:1      | pkoi the Minotaur Cinder Acolyte began the quest for the
                  | Orb.
     0 | D:1      | Reached XP level 1. HP: 19/19 MP: 1/1
   250 | D:1      | Reached XP level 2. HP: 18/27 MP: 2/2
   616 | D:1      | Found a faded altar of an unknown god.
   774 | D:1      | You fall into a shaft and drop 1 floor!
  1109 | D:2      | Reached XP level 3. HP: 17/33 MP: 3/3
  1118 | D:2      | HP: 1/33 [quokka (5)]
  1119 | D:2      | Slain by a quokka

Illustrated notes

Levels and vault maps discovered:
D:1:      dpeg_arrival_water_temple_mockup, layout_rooms,
          shapermc_ecumenical_altar_mp_ritualfount
D:2:      layout_loops_corners, uniq_crazy_yiuf_cottage

Skill      XL: |  1  2 |
---------------+-------+-----
Fighting       | 4 |  4.0
Long Blades    | 4 |  4.0
Spellcasting   | |  1.3
Fire Magic     | |  2.4

Action                   || total
-------------------------++-------
Melee: Falchion          ||    86
       Headbutt          ||     5
Armor: Robe              ||    12
Dodge: Dodged            ||    46
